[Event "Skol-SM i Schack 2024, Grupp A"]
[Site "Arena Varberg, Kattegattsvagen 26, Varberg, Sweden"]
[Date "2024.10.11"]
[Round "2.8"]
[White "Emanuelsson, Aron"]
[Black "Walter, Fridolf"]
[Result "0-1"]
[TimeControl "45 minutes + 10 seconds per move from move one."]
[WhiteFideId "1780069"]
[BlackFideId "1753347"]
[WhiteElo "1720"]
[BlackElo "1708"]

1. d4 d5 2. c4 e6 3. Nc3 Nf6 4. cxd5 exd5 5. Bg5 Nbd7 6. e3 c6 7. Bd3 Qa5 8. Qc2 Bd6 9. Nf3 O-O 10.
O-O Re8 11. a3 h6 12. Bh4 Qc7 13. Rfc1 a6 14. b4 b5 15. Bxf6 Nxf6 16. h3 Be6 17. e4 dxe4 18. Nxe4 Nxe4 19.
Bxe4 Bc4 20. Nd2 Bh2+ 21. Kh1 Bf4 22. Bd3 Bd5 23. Re1 Qd7 24. Kg1 g6 25. Ne4 Kg7 26. Nc5 Qd8 27. Be4 Qg5 28.
Bxd5 Qxd5 29. Qc3 Bg5 30. Rxe8 Rxe8 31. Nxa6 Re4 32. Rd1 Bf6 33. Qc5 Qb3 34. Rf1 Qxa3 35. Qxc6 Re6 36. Qxb5 Qxa6 37.
Qc5 Qd3 38. b5 Bxd4 39. Qb4 Bc3 40. Qb3 Qxf1+ 41. Kh2 Be5+ 42. g3 Qxf2+ 0-1

[Event "Skol-SM i Schack 2024, Grupp A"]
[Site "Arena Varberg, Kattegattsvagen 26, Varberg, Sweden"]
[Date "2024.10.11"]
[Round "1.5"]
[White "Harlin, Jacob"]
[Black "Langhals, Mattias"]
[Result "1-0"]
[TimeControl "45 minutes + 10 seconds per move from move one."]
[WhiteFideId "1728180"]
[BlackFideId "1779168"]
[WhiteElo "1919"]
[BlackElo "1697"]

1. e4 e6 2. d4 d5 3. Nc3 Nf6 4. Bg5 Be7 5. e5 Nfd7 6. Bxe7 Qxe7 7. f4 a6 8. Nf3 c5 9. Bd3 Nc6 10.
dxc5 Qxc5 11. Qd2 b5 12. Ne2 Bb7 13. c3 Rc8 14. Ned4 Qe7 15.
O-O Nc5 16. f5 Nxd4 17. Nxd4 Nxd3 18. Qxd3 Kd7 19. Rf2 Rhf8 20. Raf1 g6 21. fxe6+ fxe6 22. Rf6 Rxf6 23. Rxf6 Kc7 24.
Qf3 Kb8 25. Rxe6 Qg5 26. Qd1 Rf8 27. h3 Qe3+ 28. Kh1 Rf2 29. Rf6 Rxf6 30. exf6 Qf4 31. Qf3 Qc1+ 32. Kh2 Qh6 33. Ne6 d4 34. Qf4+ Qxf4+ 35. Nxf4 d3 36. Nxd3 Bd5 37. Ne5 Bxa2 38. f7 Bxf7 39. Nxf7 Kc7 40. Kg3 Kc6 41. Kf3 Kd5 42. Ke3 Kc4 43.
Kd2 a5 44. Kc2 Kd5 45. Ng5 h6 46. Nf3 Ke4 47. Nd4 b4 48. cxb4 axb4 49. Nc6 Kf4 50. Nxb4 Kg3 51. Nd3 g5 52. b4 Kxg2 53. b5 Kxh3 54. b6 g4 55. b7 g3 56. b8=Q h5 57.
Qb7 Kh2 58. Nf4 1-0

[Event "Skol-SM i Schack 2024, Grupp A"]
[Site "Arena Varberg, Kattegattsvagen 26, Varberg, Sweden"]
[Date "2024.10.11"]
[Round "2.9"]
[White "Johansson, Sigge"]
[Black "Abdulkader, Ahmad"]
[Result "1/2-1/2"]
[TimeControl "45 minutes + 10 seconds per move from move one."]
[WhiteFideId "1742612"]
[BlackFideId "1776550"]
[WhiteElo "1746"]
[BlackElo "1613"]

1. e4 e5 2. Nf3 Nc6 3. Bc4 Nf6 4.
Ng5 d5 5. exd5 b5 6. dxc6 bxc4 7. Qe2 Qd5 8. Nf3 Bd6 9. Nc3 Qxc6 10. Nxe5 Qxg2 11. Nxc4+ Be7 12. Qf1 Qf3 13. Rg1 Ba6 14.
Rg3 Qc6 15. d3 O-O 16. Bh6 Nh5 17. Rh3 Qxh6 18. Qe2 g6 19. Nd5 Bb4+ 20. c3 Rfe8 21. Nf6+ Nxf6 22. Rxh6 Rxe2+ 23. Kxe2 Re8+ 24. Kd2 Bf8 1/2-1/2

[Event "Skol-SM i Schack 2024, Grupp A"]
[Site "Arena Varberg, Kattegattsvagen 26, Varberg, Sweden"]
[Date "2024.10.11"]
[Round "1.6"]
[White "Sniegon, Filip"]
[Black "Kleist, Axel"]
[Result "0-1"]
[TimeControl "45 minutes + 10 seconds per move from move one."]
[WhiteFideId "1778277"]
[BlackFideId "1764322"]
[WhiteElo "1684"]
[BlackElo "1912"]

1. d4 e6 2. c4 f5 3. Nc3 Nf6 4. Nf3 Bb4 5. Bd2 b6 6. a3 Bxc3 7. Bxc3 Ne4 8. Qc2 Bb7 9. Nd2 Nxc3 10.
Qxc3 Qf6 11. Nf3 d6 12. e3 Nd7 13. Be2 a5 14. Qc2 O-O 15. O-O a4 16. b4 axb3 17. Qxb3 Kh8 18. Nd2 e5 19. Bf3 e4 20. Be2 f4 21.
f3 fxe3 22. Qxe3 exf3 23. Bxf3 Rae8 24. Qd3 Bxf3 25. Nxf3 Qh6 26. Rae1 Nf6 27. Rxe8 Rxe8 28. Re1 Rxe1+ 29. Nxe1 Qc1 30. Kf1 Ng4 31. Qe2 Qf4+ 32.
Nf3 Nxh2+ 33. Kg1 Nxf3+ 34. gxf3 Qxd4+ 35. Kg2 h6 36. a4 Qe5 37. Qd3 Kg8 38. Kf2 Qh2+ 39. Ke3 Qg1+ 40. Ke2 Qc5 41.
Qe4 Qe5 42. Qxe5 dxe5 43. c5 Kf7 44. Ke3 Ke6 45. cxb6 cxb6 46. Ke4 g5 47. Kd3 Kd5 48. Kc3 h5 0-1

[Event "Skol-SM i Schack 2024, Grupp A"]
[Site "Arena Varberg, Kattegattsvagen 26, Varberg, Sweden"]
[Date "2024.10.11"]
[Round "2.10"]
[White "Langhals, Mattias"]
[Black "Al-Sherufi, Haider"]
[Result "1-0"]
[TimeControl "45 minutes + 10 seconds per move from move one."]
[WhiteFideId "1779168"]
[BlackFideId "1745212"]
[WhiteElo "1697"]
[BlackElo "1599"]

1. e4 e6 2. d4 d5 3. e5 c5 4. c3 Nc6 5. Nf3 Qb6 6. Bd3 cxd4 7. cxd4 Bd7 8. O-O Nxd4 9. Nxd4 Qxd4 10.
Nc3 Qxe5 11. Re1 Qc7 12. Nxd5 Qd6 13. Bc4 O-O-O 14. Bf4 Qc6 15. Rc1 Bc5 16. b4 exd5 17. Bxd5 Qf6 18. Rxc5+ 1-0

[Event "Skol-SM i Schack 2024, Grupp A"]
[Site "Arena Varberg, Kattegattsvagen 26, Varberg, Sweden"]
[Date "2024.10.11"]
[Round "1.7"]
[White "Fridman, Arvid"]
[Black "Savela, Julina"]
[Result "1-0"]
[TimeControl "45 minutes + 10 seconds per move from move one."]
[WhiteFideId "1758632"]
[BlackFideId "1767437"]
[WhiteElo "1895"]
[BlackElo "1682"]

1. d4 d5 2. c4 e6 3. Nc3 Nf6 4. cxd5 exd5 5. Bg5 Be7 6. Qc2 O-O 7. e3 c6 8. Bd3 h6 9. Bh4 Be6 10.
f3 Nbd7 11. Nge2 Nb6 12. O-O Nc8 13. e4 dxe4 14. fxe4 Ng4 15. Bxe7 Nxe7 16. Rf3 Rc8 17. h3 Nf6 18. Raf1 Qd7 19.
Qd2 Nh7 20. Rg3 Kh8 21. Qe3 Rfd8 22. b3 Nf8 23. Bc2 b6 24. Bb1 Rc7 25. Rd1 Qc8 26. Kh1 Rcd7 27. Nf4 Qa8 28. Nce2 Neg6 29. Nh5 c5 30. d5 Bxd5 31.
Qc3 Ne6 32. exd5 Rxd5 33. Rxd5 Qxd5 34. Bxg6 fxg6 35. Nhf4 Qd1+ 36. Kh2 Nxf4 37. Nxf4 g5 38. Ne6 Rg8 39. Rd3 Qe2 40. Nxg7 Rxg7 41. Rd7 1-0

[Event "Skol-SM i Schack 2024, Grupp A"]
[Site "Arena Varberg, Kattegattsvagen 26, Varberg, Sweden"]
[Date "2024.10.11"]
[Round "2.11"]
[White "Wingh, Walter"]
[Black "Sniegon, Filip"]
[Result "1/2-1/2"]
[TimeControl "45 minutes + 10 seconds per move from move one."]
[WhiteFideId "1767836"]
[BlackFideId "1778277"]
[WhiteElo "1612"]
[BlackElo "1684"]

1. e4 c5 2. Nc3 d6 3. f4 Nc6 4. Nf3 Nf6 5. Bc4 e6 6. d3 d5 7. Bb3 dxe4 8. dxe4 Qxd1+ 9. Nxd1 Nxe4 10.
O-O Be7 11. Re1 Nf6 12. Nc3 O-O 13. Be3 a6 14. a4 b6 15. Bf2 Bb7 16. h3 Bd6 17. Ne5 Nd4 18. Bxd4 cxd4 19. Ne2 Bc5 20.
Nd3 Bd5 21. Bxd5 Nxd5 22. a5 Nb4 23. Nxb4 Bxb4 24. Reb1 Bc5 25. b4 Bd6 26. axb6 Rfb8 27. b5 a5 28. Nxd4 Bc5 29. c3 Bxd4+ 30. cxd4 Rxb6 31. Ra2 h6 32. Kf2 a4 33. Rb4 a3 34. Rb3 Kf8 35. Ke3 f5 36. Kd3 Ke7 37. Kc4 Rc8+ 38. Kb4 Rd6 39.
Rd3 Ra8 40. Raxa3 Rxa3 41. Kxa3 Kd7 42. Kb4 Kc7 43. Ka5 Kb7 44. Rg3 Rd7 45. Rg6 Re7 46. b6 Rd7 47. Rxe6 Rxd4 48. Re7+ Kc6 49.
Rxg7 Rd5+ 50. Kb4 Kxb6 51. Rg6+ Kc7 52. Rxh6 Rd2 53. Rg6 Rd4+ 54. Kc5 Rxf4 55. Rg7+ Kd8 56. Kd5 Re4 57. g4 Re3 58. gxf5 Rxh3 59.
f6 Ke8 60. Ke6 Re3+ 61. Kf5 Kf8 62. Rc7 Rf3+ 63. Ke5 Re3+ 64. Kf4 Re1 65. Kg5 Rg1+ 66. Kf5 Rf1+ 1/2-1/2

[Event "Skol-SM i Schack 2024, Grupp A"]
[Site "Arena Varberg, Kattegattsvagen 26, Varberg, Sweden"]
[Date "2024.10.11"]
[Round "1.8"]
[White "Abdulkader, Ahmad"]
[Black "Persson, Sebastian"]
[Result "0-1"]
[TimeControl "45 minutes + 10 seconds per move from move one."]
[WhiteFideId "1776550"]
[BlackFideId "1764187"]
[WhiteElo "1613"]
[BlackElo "1860"]

1. e4 d6 2. Nc3 Nf6 3. d4 g6 4. Bg5 c6 5. Qd2 b5 6. a3 Nbd7 7. Bd3 Bg7 8. Nge2 O-O 9. O-O a6 10.
f4 e5 11. fxe5 dxe5 12. Kh1 exd4 13. Nxd4 Ne5 14. Nf3 Nxd3 15. cxd3 Qc7 16. Rac1 Be6 17. Bh6 Rad8 18. Bg5 Rd7 19.
d4 Bc4 20. Rfe1 Ne8 21. Qe3 Nd6 22. Bf4 Qd8 23. Ne5 Bxe5 24. Bxe5 f6 25. Bxd6 Rxd6 26. Rcd1 Re8 27. Qf4 Rxd4 28.
Rxd4 Qxd4 29. Rd1 Qe5 30. Qe3 f5 31. Qb6 fxe4 32. Qxc6 e3 33. Re1 e2 34. a4 Rf8 0-1

[Event "Skol-SM i Schack 2024, Grupp A"]
[Site "Arena Varberg, Kattegattsvagen 26, Varberg, Sweden"]
[Date "2024.10.11"]
[Round "2.12"]
[White "Savela, Julina"]
[Black "Fredlund, Joel"]
[Result "1-0"]
[TimeControl "45 minutes + 10 seconds per move from move one."]
[WhiteFideId "1767437"]
[BlackFideId "1748157"]
[WhiteElo "1682"]
[BlackElo "1454"]

1. e4 e5 2. Nf3 Nc6 3. Bb5 d6 4. d4 exd4 5. Nxd4 Bd7 6. O-O Nge7 7. Nc3 a6 8.
Bc4 Ne5 9. Bb3 c5 10. Nf3 Bg4 11. Nxe5 dxe5 12. Qxg4 Qc7 13. Bd5 Rd8 14. Be3 f5
15. Qf3 b5 16. Bg5 f4 17. Bxe7 Bxe7 18. Rad1 Rd6 19. a4 b4 20. Nb1 h5 21. Bc4
g5 22. Rxd6 Qxd6 23. Rd1 Qg6 24. Qd3 Kf8 25. Qd7 g4 26. Qc8+ Kg7 27. Qxa6 Qxa6
28. Bxa6 h4 29. Rd5 Kf6 30. Nd2 g3 31. f3 h3 32. Nf1 Rh6 33. Bc4 Rh5 34. hxg3 fxg3 35. gxh3 Kg6 36. Kg2 Bh4 1-0

[Event "Skol-SM i Schack 2024, Grupp A"]
[Site "Arena Varberg, Kattegattsvagen 26, Varberg, Sweden"]
[Date "2024.10.11"]
[Round "1.9"]
[White "Wedenberg, Oliver"]
[Black "Wingh, Walter"]
[Result "1-0"]
[TimeControl "45 minutes + 10 seconds per move from move one."]
[WhiteFideId "1767909"]
[BlackFideId "1767836"]
[WhiteElo "1858"]
[BlackElo "1612"]

1. e4 e6 2. d4 d5 3. e5 c5 4. c3 Nc6 5. Nf3 Qb6 6. Bd3 Bd7 7. dxc5 Bxc5 8. O-O Qc7 9. Re1 Nge7 10.
b4 Bb6 11. a4 Qd8 12. Bg5 O-O 13. Bc2 Qe8 14. b5 Na5 15. Qd3 Ng6 16. h4 f5 17. exf6 gxf6 18. Bh6 Rf7 19. h5 Ne7 20.
Nh4 Bc7 21. f4 e5 22. Nd2 e4 23. Qe2 f5 24. Rad1 Rf6 25. Bg5 Rd6 26. Nf1 Bb6+ 27. Kh1 Nc4 28. Bb3 Rc8 29. h6 Be6 30.
Ng3 Ne3 31. Nh5 Ng4 32. Nf6+ Nxf6 33. Bxf6 Ng6 34. Qh5 Bf2 35. Nxg6 Qxg6 36. Qxg6+ hxg6 37. Re2 e3 38. Be5 Rd7 39. Ra1 Kh7 40. Bg7 Rh8 41. a5 Kg8 42. Bxh8 Kxh8 43. a6 b6 44.
Rd1 Kh7 45. Kh2 Kxh6 46. g3 Kg7 47.
Kg2 Kf6 48. Rh1 Rc7 49. Rc2 Rc5 50. Rh7 Bf7 51. Ba4 Rc4 52. Bb3 Rc5 53. Ba4 Rc4 54. Bb3 Rc5 55. Rh8 Rxb5 56. Ba4 Ra5 57. Bc6 Rxa6 58. Rd8 Ra5 59.
Rd6+ Ke7 60. Rd7+ Ke6 61. Rc1 Be8 62. Rc7 Rc5 63. Bxe8 Rxc7 64. Bxg6 a5 65. Be8 d4 66. c4 d3 67.
Bh5 d2 68. Rb1 Rc6 69. Be2 Kd6 70. Kf3 Kc5 71. Rb5+ Kd6 72. Rd5+ Ke6 73. Re5+ Kf6 74. Rb5 Rxc4 75. Rxb6+ Ke7 76.
Rb7+ Kd6 77. Bd1 Rc1 78. Ke2 Rc7 79. Rb5 Rc5 80. Rb6+ Kd5 81. Kd3 Rc6 82. Bf3+ Kc5 83. Rxc6+ Kb5 84. Rf6 a4 85. Rxf5+ Kb4 86. Kc2 a3 87. g4 Bg3 88. g5 a2 89. Kb2 a1=Q+ 90. Kxa1 Kc3 91. Be2 Kc2 92. Rc5+ Kb3 93. g6 Bxf4 94. g7 Kb4 95. Rc4+ Kb3 96.
g8=Q Be5+ 97. Rd4+ 1-0

[Event "Skol-SM i Schack 2024, Grupp A"]
[Site "Arena Varberg, Kattegattsvagen 26, Varberg, Sweden"]
[Date "2024.10.11"]
[Round "1.10"]
[White "Al-Sherufi, Haider"]
[Black "Eriksson, Wilmer"]
[Result "0-1"]
[TimeControl "45 minutes + 10 seconds per move from move one."]
[WhiteFideId "1745212"]
[BlackFideId "1768298"]
[WhiteElo "1599"]
[BlackElo "1849"]

1. e4 c6 2. d4 d5 3. exd5 cxd5 4. c4 Nf6 5. Nc3 g6 6. cxd5 Nxd5 7. Qb3 Nb6 8. Be3 Bg7 9. Nf3 O-O 10.
Be2 Nc6 11. O-O Be6 12. Qd1 Nd5 13. Rc1 Rc8 14. Ng5 Nxe3 15. fxe3 Bf5 16. Bc4 e6 17. Nf3 Nxd4 18. Nxd4 Bxd4 19.
Qxd4 Qxd4 20. exd4 Rxc4 21. d5 Rd8 22. dxe6 Bxe6 23. Rcd1 Rcd4 24. Rxd4 Rxd4 25. Nb5 Rd2 26. Rf2 Rd1+ 27.
Rf1 Rxf1+ 0-1

[Event "Skol-SM i Schack 2024, Grupp A"]
[Site "Arena Varberg, Kattegattsvagen 26, Varberg, Sweden"]
[Date "2024.10.11"]
[Round "1.11"]
[White "Demeestere, Ewoud"]
[Black "Stanton-Andersson, Coll"]
[Result "1-0"]
[TimeControl "45 minutes + 10 seconds per move from move one."]
[WhiteFideId "1773585"]
[BlackFideId "1758837"]
[WhiteElo "1833"]
[BlackElo "1542"]

1. d4 d5 2. c4 Nf6 3. cxd5 Qxd5 4. Nc3 Qd8 5. Nf3 Bf5 6. Qb3 b6 7. e3 e6 8. Ne5 Bd6 9. Bb5+ Nbd7 10.
Bc6 Rb8 11. e4 Bg6 12. Bg5 Bxe5 13. dxe5 O-O 14. exf6 gxf6 15. Bh6 Ne5 16. Bb5 c6 17. Be2 Re8 18. Rd1 Qc7 19. h4 Rbd8 20.
O-O f5 21. h5 Ng4 22. Bxg4 fxg4 23. hxg6 hxg6 24. Rxd8 Rxd8 25. Rd1 Re8 26. Ne2 Qe5 27. Qc3 Qxc3 28. Nxc3 Re7 29. Bg5 Rc7 30.
Bf6 Kh7 31. Rd8 g5 32. Bxg5 1-0

[Event "Skol-SM i Schack 2024, Grupp A"]
[Site "Arena Varberg, Kattegattsvagen 26, Varberg, Sweden"]
[Date "2024.10.11"]
[Round "1.12"]
[White "Fredlund, Joel"]
[Black "Keskitalo, Rasmus"]
[Result "0-1"]
[TimeControl "45 minutes + 10 seconds per move from move one."]
[WhiteFideId "1748157"]
[BlackFideId "1768271"]
[WhiteElo "1454"]
[BlackElo "1752"]

1. e4 c6 2. d4 d5 3. e5 c5 4. dxc5 Nc6 5. Nf3 Bg4 6. Bb5 e6 7. Be3 Nge7 8. Nbd2 a6 9. Ba4 Nf5 10. Nb3 Nxe3 11. fxe3 Bxf3 12.
Qxf3 Qh4+ 13. Qf2 Qxa4 14. Nd4 Bxc5 0-1

[Event "Skol-SM i Schack 2024, Grupp A"]
[Site "Arena Varberg, Kattegattsvagen 26, Varberg, Sweden"]
[Date "2024.10.11"]
[Round "2.1"]
[White "Eriksson, Wilmer"]
[Black "Frank, Anton"]
[Result "1-0"]
[TimeControl "45 minutes + 10 seconds per move from move one."]
[BlackTitle "CM"]
[WhiteFideId "1768298"]
[BlackFideId "1752383"]
[WhiteElo "1849"]
[BlackElo "2110"]

1. e4 e5 2. Nf3 Nc6 3. Bb5 Nge7 4. O-O g6 5. c3 Bg7 6. d4 a6 7. Ba4 exd4 8. cxd4 b5 9. Bc2 d5 10.
e5 Bg4 11. Be3 Nf5 12. Bxf5 Bxf5 13. Nc3 O-O 14. Rc1 Ne7 15. Bg5 c6 16. Ne2 Rc8 17. Ng3 Bd7 18. Qd2 Qe8 19. h4 Nf5 20.
Nxf5 Bxf5 21. Rfe1 Bg4 22. Qf4 Qe6 23.
Nh2 h5 24. Nxg4 Qxg4 25. Qxg4 hxg4 26. Kh2 Rfe8 27. Kg3 c5 28. dxc5 Bxe5+ 29. Kxg4 Bxb2 30. Rxe8+ Rxe8 31. Rc2 Re4+ 32.
Kf3 Be5 33. c6 Bc7 34. g3 Kf8 35. Bf4 Re7 36. Rc5 d4 37. Rd5 Bxf4 38. Kxf4 Rc7 39. Rc5 Ke7 40. Ke4 Kd6 41. Kxd4 f5 42.
f3 Ke6 43. g4 fxg4 44. fxg4 Kd6 45. Rg5 Kxc6 46. Rxg6+ Kb7 47. h5 Rc4+ 48. Kd3 Rc1 49. h6 Rh1 50. Rg7+ Kb6 51. h7 a5 52.
g5 a4 53. Rg6+ Kc5 54. Rh6 Rd1+ 55. Kc2 Rd5 56. g6 Kb4 57. h8=Q Rc5+ 58. Kb1 a3 59. Qd4+ Rc4 60. Qxc4+ bxc4 61.
g7 1-0

[Event "Skol-SM i Schack 2024, Grupp A"]
[Site "Arena Varberg, Kattegattsvagen 26, Varberg, Sweden"]
[Date "2024.10.11"]
[Round "2.2"]
[White "Joensson, Oscar"]
[Black "Wedenberg, Oliver"]
[Result "1-0"]
[TimeControl "45 minutes + 10 seconds per move from move one."]
[WhiteFideId "1729977"]
[BlackFideId "1767909"]
[WhiteElo "1955"]
[BlackElo "1858"]

1. d4 d5 2. c4 e6 3. Nf3 Nf6 4. g3 Be7 5. Bg2 O-O 6. O-O dxc4 7. Qc2 b5 8. a4 b4 9. Ne5 Nd5 10.
Nxc4 c5 11. dxc5 Bxc5 12. Rd1 Qe7 13. Nbd2 Nc6 14. Nb3 Bb7 15. a5 a6 16. e4 Nc7 17. Nxc5 Qxc5 18. Be3 Qe7 19. Nb6 Rad8 20.
Bc5 b3 21. Qc4 Rxd1+ 22. Rxd1 Rd8 23. Bxe7 Rxd1+ 24. Bf1 Ne5 25. Qxc7 Nf3+ 26. Kg2 Ne1+ 27. Kh3 1-0